BSA
VISTA PANTHERS @ HOUSTON MARSHALS
07/21/2030
 
TOP OF THE 1ST
Vista Panthers batting - Pitching for Houston Marshals : RHP Steve Stanton
Pitching: RHP Steve Stanton
Batting: RHB Gustavo Torres 0-0: Called Strike
0-1: Ball
1-1: Swinging Strike
1-2: Ball
2-2: Ground out 4-3 (Groundball, 4S)
Batting: LHB Clyde Yarbrough 0-0: Ball
1-0: SOLO HOME RUN (Flyball, 9D), Distance : 357 ft
Batting: RHB Jake Reeves 0-0: Fly out, F7 (Flyball, 7)
Batting: LHB Dante Owens 0-0: Called Strike
0-1: Foul Ball, location: 2F
0-2: Foul Ball, location: 2F
0-2: Ground out 5-3 (Groundball, 5L)
Top of the 1st over - 1 run, 1 hit, 0 errors, 0 left on base; Vista 1 - Houston 0
BOTTOM OF THE 1ST
Houston Marshals batting - Pitching for Vista Panthers : RHP Dillon Nelson
Pitching: RHP Dillon Nelson
Batting: RHB Javier Rentería 0-0: Ball
1-0: Foul Ball, location: 2F
1-1: TRIPLE (Line Drive, 7LD)
Batting: SHB Ramón Lugo 0-0: Ball
1-0: Ball
2-0: Called Strike
2-1: Swinging Strike
2-2: Ball
3-2: Foul Ball, location: 2F
3-2: SINGLE (Line Drive, 8RS)
Javier Rentería scores
Batting: LHB José Rodríguez 0-0: Ball
1-0: Grounds into double play, 4-6-3 (Groundball, 4)
Batting: SHB Juan Gómez 0-0: Called Strike
0-1: Ball
1-1: Called Strike
1-2: Ball
2-2: Ball
3-2: Foul Ball, location: 2F
3-2: Foul Ball, location: 2F
3-2: Fly out, F8 (Flyball, 8RM)
Bottom of the 1st over - 1 run, 2 hits, 0 errors, 0 left on base; Vista 1 - Houston 1
TOP OF THE 2ND
Vista Panthers batting - Pitching for Houston Marshals : RHP Steve Stanton
Batting: RHB Stephen Wilson 0-0: Ball
1-0: Ball
2-0: Ball
3-0: Called Strike
3-1: Foul Ball, location: 2F
3-2: SOLO HOME RUN (Flyball, 9LD), Distance : 352 ft
Batting: LHB Noriaki Sangi 0-0: Swinging Strike
0-1: Swinging Strike
0-2: Ball
1-2: Strikes out swinging
Batting: RHB Luis Ríos 0-0: Foul Ball, location: 2F
0-1: Called Strike
0-2: Ball
1-2: Foul Ball, location: 2F
1-2: Ball
2-2: Strikes out looking
Batting: RHB Justin Burgess 0-0: Ground out 2-3 (Groundball, 15S)
Top of the 2nd over - 1 run, 1 hit, 0 errors, 0 left on base; Vista 2 - Houston 1
BOTTOM OF THE 2ND
Houston Marshals batting - Pitching for Vista Panthers : RHP Dillon Nelson
Batting: LHB Bernardo Morales 0-0: Ground out 6-3 (Groundball, 6M)
Batting: RHB Esteban Lara 0-0: Ball
1-0: Fly out, F8 (Flyball, 8LM)
Batting: SHB Álex Rosado 0-0: Called Strike
0-1: Ball
1-1: Ball
2-1: SINGLE (Line Drive, 8LS)
Batting: LHB Matt Smith 0-0: Hit by Pitch
Álex Rosado to second
Batting: RHB Adrian Prouse 0-0: Ball
1-0: Ball
2-0: Foul Ball, location: 2F
2-1: Hit by Pitch
Álex Rosado to third
Matt Smith to second
Batting: RHB Javier Rentería 0-0: Called Strike
0-1: Ball
1-1: Foul Ball, location: 2F
1-2: Strikes out swinging
Bottom of the 2nd over - 0 runs, 1 hit, 0 errors, 3 left on base; Vista 2 - Houston 1
TOP OF THE 3RD
Vista Panthers batting - Pitching for Houston Marshals : RHP Steve Stanton
Batting: LHB Francisco Medina 0-0: Ground out 4-3 (Groundball, 4)
Batting: RHB Gustavo Torres 0-0: Called Strike
0-1: Ball
1-1: Called Strike
1-2: Foul Ball, location: 2F
1-2: Ground out 6-3 (Groundball, 6D)
Batting: LHB Clyde Yarbrough 0-0: SINGLE (Flyball, 89S)
Batting: RHB Jake Reeves 0-0: Ball
1-0: Fly out, F7 (Flyball, 7)
Top of the 3rd over - 0 runs, 1 hit, 0 errors, 1 left on base; Vista 2 - Houston 1
BOTTOM OF THE 3RD
Houston Marshals batting - Pitching for Vista Panthers : RHP Dillon Nelson
Batting: SHB Ramón Lugo 0-0: Ball
1-0: Ball
2-0: Called Strike
2-1: Fly out, F7 (Flyball, 7D)
Batting: LHB José Rodríguez 0-0: Ball
1-0: Called Strike
1-1: Foul Ball, location: 2F
1-2: Ball
2-2: Foul Ball, location: 2F
2-2: Ground out 5-3 (Groundball, 5D)
Batting: SHB Juan Gómez 0-0: Ball
1-0: Called Strike
1-1: Foul Ball, location: 2F
1-2: Strikes out swinging
Bottom of the 3rd over - 0 runs, 0 hits, 0 errors, 0 left on base; Vista 2 - Houston 1
TOP OF THE 4TH
Vista Panthers batting - Pitching for Houston Marshals : RHP Steve Stanton
Batting: LHB Dante Owens 0-0: Foul Ball, location: 2F
0-1: Foul Ball, location: 2F
0-2: Foul Ball, location: 2F
0-2: Ground out 4-3 (Groundball, 4)
Batting: RHB Stephen Wilson 0-0: Ball
1-0: Called Strike
1-1: Called Strike
1-2: Ball
2-2: Strikes out swinging
Batting: LHB Noriaki Sangi 0-0: Ball
1-0: Ball
2-0: Called Strike
2-1: Swinging Strike
2-2: Ball
3-2: Foul Ball, location: 2F
3-2: Foul Ball, location: 2F
3-2: Strikes out looking
Top of the 4th over - 0 runs, 0 hits, 0 errors, 0 left on base; Vista 2 - Houston 1
BOTTOM OF THE 4TH
Houston Marshals batting - Pitching for Vista Panthers : RHP Dillon Nelson
Batting: LHB Bernardo Morales 0-0: Ball
1-0: Ball
2-0: Called Strike
2-1: Fly out, F4 (Line Drive, 34)
Batting: RHB Esteban Lara 0-0: Ball
1-0: Called Strike
1-1: Fly out, F8 (Flyball, 8RS)
Batting: SHB Álex Rosado 0-0: Ball
1-0: Ball
2-0: Foul Ball, location: 2F
2-1: Foul Ball, location: 2F
2-2: Fly out, F8 (Flyball, 8LXD)
Bottom of the 4th over - 0 runs, 0 hits, 0 errors, 0 left on base; Vista 2 - Houston 1
TOP OF THE 5TH
Vista Panthers batting - Pitching for Houston Marshals : RHP Steve Stanton
Batting: RHB Luis Ríos 0-0: Fly out, F7 (Line Drive, 7)
Batting: RHB Justin Burgess 0-0: Foul Ball, location: 2F
0-1: Swinging Strike
0-2: Ball
1-2: Foul Ball, location: 2F
1-2: Ball
2-2: Foul Ball, location: 2F
2-2: Ground out 5-3 (Groundball, 5)
Batting: LHB Francisco Medina 0-0: Ball
1-0: Ball
2-0: Foul Ball, location: 2F
2-1: Ball
3-1: SINGLE (Groundball, 4M) (infield hit)
Batting: RHB Gustavo Torres 0-0: Called Strike
Francisco Medina is caught stealing 2nd base
Top of the 5th over - 0 runs, 1 hit, 0 errors, 0 left on base; Vista 2 - Houston 1
BOTTOM OF THE 5TH
Houston Marshals batting - Pitching for Vista Panthers : RHP Dillon Nelson
Batting: LHB Matt Smith 0-0: SINGLE (Groundball, 56D)
Batting: RHB Adrian Prouse 0-0: Called Strike
0-1: Fielders Choice at 2nd, 6-4 (Groundball, 56)
Batting: RHB Javier Rentería 0-0: Ball
1-0: Fielders Choice at 2nd, 6-4 (Groundball, 56)
Batting: SHB Ramón Lugo 0-0: Ball
Javier Rentería steals 2nd base
1-0: Called Strike
1-1: Fly out, F9 (Flyball, 89M)
Bottom of the 5th over - 0 runs, 1 hit, 0 errors, 1 left on base; Vista 2 - Houston 1
TOP OF THE 6TH
Vista Panthers batting - Pitching for Houston Marshals : RHP Steve Stanton
Batting: RHB Gustavo Torres 0-0: Ground out 5-3 (Groundball, 56)
Batting: LHB Clyde Yarbrough 0-0: Foul Ball, location: 2F
0-1: Ball
1-1: Ball
2-1: Foul Ball, location: 2F
2-2: Foul Ball, location: 2F
2-2: Ball
3-2: Fly out, F8 (Line Drive, 89D)
Batting: RHB Jake Reeves 0-0: Ball
1-0: Foul Ball, location: 2F
1-1: Ground out 6-3 (Groundball, 6)
Top of the 6th over - 0 runs, 0 hits, 0 errors, 0 left on base; Vista 2 - Houston 1
BOTTOM OF THE 6TH
Houston Marshals batting - Pitching for Vista Panthers : RHP Dillon Nelson
Batting: LHB José Rodríguez 0-0: Ball
1-0: Swinging Strike
1-1: Ground out 3-1 (Groundball, 34)
Batting: SHB Juan Gómez 0-0: Called Strike
0-1: Ground out 3-1 (Groundball, 3S)
Batting: LHB Bernardo Morales 0-0: Ball
1-0: DOUBLE (Flyball, 8LXD)
Batting: RHB Esteban Lara 0-0: Called Strike
0-1: Called Strike
0-2: Strikes out swinging
Bottom of the 6th over - 0 runs, 1 hit, 0 errors, 1 left on base; Vista 2 - Houston 1
TOP OF THE 7TH
Vista Panthers batting - Pitching for Houston Marshals : RHP Steve Stanton
Batting: LHB Dante Owens 0-0: Called Strike
0-1: Fly out, F5 (Line Drive, 56)
Batting: RHB Stephen Wilson 0-0: Called Strike
0-1: Swinging Strike
0-2: Foul Ball, location: 2F
0-2: Ball
1-2: Foul Ball, location: 2F
1-2: Ground out 5-3 (Groundball, 56)
Batting: LHB Noriaki Sangi 0-0: Ball
1-0: Foul Ball, location: 2F
1-1: Ball
2-1: Swinging Strike
2-2: Ball
3-2: Base on Balls
Pitching: RHP Dave Rhodes
Batting: RHB Luis Ríos 0-0: Called Strike
0-1: Called Strike
0-2: Strikes out swinging
Top of the 7th over - 0 runs, 0 hits, 0 errors, 1 left on base; Vista 2 - Houston 1
BOTTOM OF THE 7TH
Houston Marshals batting - Pitching for Vista Panthers : RHP Dillon Nelson
Batting: SHB Álex Rosado 0-0: Called Strike
0-1: Swinging Strike
0-2: Ball
1-2: Ball
2-2: Ground out 6-3 (Groundball, 6)
Batting: LHB Matt Smith 0-0: Ball
1-0: Called Strike
1-1: Swinging Strike
1-2: Ball
2-2: SINGLE (Line Drive, 34D)
Pinch Runner at 1st Guy Moss:
Batting: RHB Adrian Prouse 0-0: Called Strike
0-1: Ball
1-1: Ball
2-1: Called Strike
2-2: Foul Ball, location: 2F
2-2: Ball
3-2: Strikes out swinging
Batting: RHB Javier Rentería 0-0: Called Strike
0-1: Ball
1-1: Swinging Strike
1-2: Ground out 4-3 (Groundball, 4)
Bottom of the 7th over - 0 runs, 1 hit, 0 errors, 1 left on base; Vista 2 - Houston 1
TOP OF THE 8TH
Vista Panthers batting - Pitching for Houston Marshals : RHP Dave Rhodes
Now at 3B: Michael Thomas
Batting: RHB Justin Burgess 0-0: Called Strike
0-1: Foul Ball, location: 2F
0-2: Strikes out swinging
Batting: LHB Francisco Medina 0-0: Ground out 1-3 (Groundball, 15S)
Batting: RHB Gustavo Torres 0-0: Called Strike
0-1: Ball
1-1: Swinging Strike
1-2: Strikes out looking
Top of the 8th over - 0 runs, 0 hits, 0 errors, 0 left on base; Vista 2 - Houston 1
BOTTOM OF THE 8TH
Houston Marshals batting - Pitching for Vista Panthers : RHP Dillon Nelson
Pitching: RHP David Simpson
Batting: SHB Ramón Lugo 0-0: Foul Ball, location: 2F
0-1: Ball
1-1: Ball
2-1: Foul Ball, location: 2F
2-2: Ball
3-2: SINGLE (Line Drive, 9LS)
Batting: LHB José Rodríguez 0-0: Called Strike
0-1: Ball
1-1: Ball
2-1: Swinging Strike
2-2: Strikes out swinging
Batting: SHB Juan Gómez 0-0: Fly out, F8 (Line Drive, 8LM)
Batting: LHB Bernardo Morales 0-0: Ground out 5-3 (Groundball, 5D)
Bottom of the 8th over - 0 runs, 1 hit, 0 errors, 1 left on base; Vista 2 - Houston 1
TOP OF THE 9TH
Vista Panthers batting - Pitching for Houston Marshals : RHP Dave Rhodes
Batting: LHB Clyde Yarbrough 0-0: Called Strike
0-1: Foul Ball, location: 2F
0-2: Ball
1-2: Ball
2-2: Ball
3-2: Foul Ball, location: 2F
3-2: DOUBLE (Line Drive, 9LM)
Batting: RHB Jake Reeves 0-0: Swinging Strike
0-1: Called Strike
0-2: Strikes out looking
Batting: LHB Dante Owens 0-0: Called Strike
0-1: Ball
1-1: SINGLE (Groundball, 4MD)
Clyde Yarbrough to third
Runner from 3rd tries for Home, SAFE, throw made home
Batting: RHB Stephen Wilson 0-0: Called Strike
0-1: Foul Ball, location: 2F
0-2: Strikes out swinging
Batting: LHB Noriaki Sangi 0-0: Foul Ball, location: 2F
0-1: Ball
1-1: Foul Ball, location: 2F
1-2: Fly out, F8 (Flyball, 89D)
Top of the 9th over - 1 run, 2 hits, 0 errors, 1 left on base; Vista 3 - Houston 1
BOTTOM OF THE 9TH
Houston Marshals batting - Pitching for Vista Panthers : RHP David Simpson
Batting: RHB Esteban Lara 0-0: Foul Ball, location: 2F
0-1: Foul Ball, location: 2F
0-2: Fly out, F8 (Flyball, 8LD)
Batting: SHB Álex Rosado 0-0: Called Strike
0-1: Ball
1-1: Swinging Strike
1-2: Ball
2-2: Ball
3-2: Strikes out swinging
Batting: RHB Michael Thomas 0-0: Called Strike
0-1: Called Strike
0-2: Strikes out swinging
Bottom of the 9th over - 0 runs, 0 hits, 0 errors, 0 left on base; Vista 3 - Houston 1
Saturday, April 7th, 2018 - OOTP Baseball 18.8 Build 76